 Dungeon Crawl Stone Soup version 0.19.1 (webtiles) character file.

150 RKaid the Chopper (level 5, 0/45 HPs)
             Began as a Hill Orc Berserker on Dec 19, 2016.
             Was a Believer of Trog.
             Succumbed to Eustachio's poison
             ... on level 4 of the Dungeon.
             The game lasted 00:04:43 (2889 turns).

RKaid the Chopper (Hill Orc Berserker)              Turns: 2889, Time: 00:04:43

Health: 0/45       AC:  7    Str: 21    XL:     5   Next: 32%
Magic:  5/5        EV: 11    Int:  7    God:    Trog [**....]
Gold:   133        SH:  0    Dex: 12    Spells: 0 memorised, 4 levels left

rFire  . . .     SeeInvis .     a - +1 hand axe
rCold  . . .     Gourm    .     A - +0 ring mail (curse)
rNeg   . . .     Faith    .     (no shield)
rPois  .         Spirit   .     n - +0 helmet
rElec  .         Reflect  .     (no cloak)
rCorr  .         Harm     .     (no gloves)
MR     .....                    v - +0 pair of boots
Stlth  +.........               (no amulet)
                                r - +2 ring of dexterity
                                (no ring)

@: lethally poisoned (0 -> -4), exhausted, slowed, very slow
A: no striking features
a: Berserk, Trog's Hand, Burn Spellbooks, Renounce Religion


You were on level 4 of the Dungeon.
You worshipped Trog.
Trog was pleased with you.
You were hungry.

You visited 1 branch of the dungeon, and saw 4 of its levels.

You collected 133 gold pieces.

Inventory:

Hand Weapons
 a - a +1 hand axe (weapon)
Armour
 n - a +0 helmet (worn)
   (You found it on level 3 of the Dungeon)
 v - a +0 pair of boots (worn)
   (You found it on level 2 of the Dungeon)
 A - a cursed +0 ring mail (worn)
   (You found it on level 3 of the Dungeon)
Jewellery
 o - an uncursed ring of fire {rF+, rC-}
   (You found it on level 1 of the Dungeon)
 r - a +2 ring of dexterity (right hand)
   (You found it on level 2 of the Dungeon)
 z - an uncursed ring of flight {+Fly, !d}
   (You found it on level 3 of the Dungeon)
Wands
 C - a wand of acid (4/15)
   (You took it off Ijyb on level 3 of the Dungeon)
Scrolls
 d - 5 scrolls of identify
 e - a scroll of magic mapping {unknown}
 f - a scroll of recharging {unknown}
 g - a scroll of random uselessness {unknown}
 k - a scroll of enchant weapon
 y - a scroll of blinking {unknown}
 B - a scroll of remove curse
Potions
 j - 2 potions of agility {unknown}
 l - a potion of cure mutation {unknown}
 q - 2 potions of lignification {unknown}
 s - a potion of beneficial mutation {unknown}
 u - 2 potions of curing {unknown}
 x - a potion of resistance {unknown}
Comestibles
 b - a chunk of flesh
 c - 4 bread rations
 h - 3 fruits
 m - 2 royal jellies


   Skills:
 - Level 3.6 Fighting
 + Level 7.7 Axes
 - Level 2.1 Armour
 - Level 1.5 Dodging


You had 4 spell levels left.
You didn't know any spells.

Dungeon Overview and Level Annotations

Branches:
Dungeon (4/15)
 Temple: D:4-7

Altars:

Annotations:
D:4 Eustachio


Message History

The worker ant bites you but does no damage.
You completely miss the worker ant. The worker ant bites you.
You are poisoned.
The worker ant poisons you!
You barely miss the worker ant.
You feel sick.
The worker ant bites you but does no damage.
You closely miss the worker ant.
The worker ant bites you but does no damage.
You hit the worker ant.
You feel sick. The worker ant bites you.
You are more poisoned.
The worker ant poisons you!
You barely miss the worker ant.
You feel sick. The worker ant bites you.
You hit the worker ant.
You feel sick.
The worker ant bites you but does no damage.
The worker ant closely misses you.
You hit the worker ant.
You feel sick. The worker ant barely misses you.
You hit the worker ant but do no damage.
You feel sick.
The worker ant bites you but does no damage.
You hit the worker ant but do no damage.
You feel sick. The worker ant barely misses you.
You hit the worker ant. The worker ant barely misses you.
You hit the worker ant.
You feel sick. The worker ant barely misses you.
A red film seems to cover your vision as you go berserk!
You feel yourself moving faster!
You feel mighty!
You are feeling hungry.
You feel sick. The worker ant barely misses you.
You slash the worker ant!
You kill the worker ant!
Trog accepts your kill.
You feel sick.
You see here a worker ant corpse.
You feel a strong urge to attack something.
Found a stone staircase leading down.
You feel sick.
You feel your anger subside.
You are no longer berserk.
You are exhausted.
You feel yourself slow down.
You feel sick.
You feel sick.
You see here a worker ant corpse.
You butcher the worker ant corpse.
You feel sick.
b - 2 chunks of flesh You start resting.
Eating one of 2 chunks of flesh.
You start eating one of the 2 chunks of flesh.
You feel sick.
This raw flesh tastes terrible.
You feel sick. x4
You are no longer poisoned.
You start resting.
You feel yourself speed up.
You start resting.
You feel less exhausted.
d - 5 scrolls of identify (gained 1) Marking area around Eustachio as unsafe for travelling.
Eustachio the Magnificent comes into view.
He is wielding a rapier of venom.
Eustachio shouts!
Eustachio zaps a wand.
The puff of flame hits you!
It is a wand of flame.
Eustachio barely misses you.
You see here a hunting sling.
You hit Eustachio.
Eustachio zaps a wand.
The puff of flame hits you!
You hit Eustachio.
Eustachio mumbles some strange words.
Eustachio blinks!
Eustachio casts a spell.
A red film seems to cover your vision as you go berserk!
You feel yourself moving faster!
You feel mighty!
You are feeling hungry.
You closely miss Eustachio. You hit the iron imp. The iron imp hits you.
* * * LOW HITPOINT WARNING * * *
You slash Eustachio! You slash the iron imp!
Eustachio zaps a wand.
The puff of flame hits you!
* * * LOW HITPOINT WARNING * * *
You barely miss Eustachio. You hit the iron imp.
The iron imp hits you but does no damage.
Eustachio hits you with a rapier of venom.
* * * LOW HITPOINT WARNING * * *
You are lethally poisoned!
You hit Eustachio. You barely miss the iron imp.
* * * LOW HITPOINT WARNING * * *
You feel sick.
You slash Eustachio! You barely miss the iron imp.
Eustachio gestures wildly while chanting.
Eustachio blinks!
The iron imp closely misses you.
* * * LOW HITPOINT WARNING * * *
You feel sick.
You see here a hunting sling.
You feel a strong urge to attack something.
The iron imp hits you but does no damage.
You hit Eustachio. You slash the iron imp!
You kill the iron imp!
* * * LOW HITPOINT WARNING * * *
You feel sick.
Eustachio casts a spell.
Eustachio blinks!
You feel a strong urge to attack something.
You are no longer berserk.
You are exhausted.
You feel yourself slow down.
You die...

.. ##...#.###.##.#..#.
.. #.. ....)....###.##
.. ... ###......#..#.
#. #.# ###.#...#... #@
#.# #<#...##.. #. #.#
#......... #.##.###
###.......
#......#########..##.#
#.)##@...............#
#..##.......####..####
##.##.............#
#(.........####......
####.....>.# ######.
#.......# #.......#
#########


There were no monsters in sight!

Vanquished Creatures
  An orc priest (D:3)
  Ijyb (D:3)
  A worker ant (D:4)
  An adder (D:3)
  2 dart slugs (D:2)
  4 leopard geckos
  5 orcs (D:3)
  7 bats
  3 giant cockroaches (D:1)
  7 goblins
  8 hobgoblins
  A ball python (D:2)
  3 frilled lizards
  A kobold (D:3)
  7 rats
52 creatures vanquished.

Notes
Turn   | Place    | Note
-------+----------+-------------------------------------------
     0 | D:1      | RKaid the Hill Orc Berserker began the quest for the Orb.
     0 | D:1      | Reached XP level 1. HP: 19/19 MP: 1/1
   261 | D:1      | Reached XP level 2. HP: 26/26 MP: 2/2
   408 | D:1      | Reached skill level 5 in Axes
   964 | D:2      | Reached XP level 3. HP: 23/31 MP: 3/3
  1320 | D:2      | Reached ** piety under Trog
  1858 | D:3      | HP: 10/46 [orc priest/divine providence (12)]
  1859 | D:3      | Reached skill level 6 in Axes
  1862 | D:3      | HP: 4/46 [orc/hand axe (3)]
  1867 | D:3      | Reached XP level 4. HP: 6/39 MP: 4/4
  2376 | D:3      | Reached skill level 7 in Axes
  2402 | D:3      | Noticed Ijyb
  2415 | D:3      | Killed Ijyb
  2415 | D:3      | Reached XP level 5. HP: 31/45 MP: 5/5
  2873 | D:4      | Noticed Eustachio
  2880 | D:4      | HP: 8/67 [Eustachio/wand of flame (11)]
  2881 | D:4      | HP: 3/67 [Eustachio/rapier of venom (5)]
  2886 | D:4      | HP: 1/67 [poisoned by Eustachio]
  2889 | D:4      | Succumbed to Eustachio's poison

Skill      XL: |  1  2  3  4 |
---------------+-------------+-----
Axes           | 5 6 7 |  7.7
Fighting       | |  3.6
Armour         | |  2.1
Dodging        | |  1.5

Action                   |  1- 3 |  4- 6 || total
-------------------------+-------+-------++-------
Melee: Hand axe          |   114 |    53 ||   167
Invok: Berserk           |     1 |     3 ||     4
  Use: Scroll            |     2 |     3 ||     5
 Stab: Sleeping          |     1 |     1 ||     2
  Eat: Chunk             |     3 |     6 ||     9
Armor: Animal skin       |    22 |     3 ||    25
       Ring mail         |       |     7 ||     7
Dodge: Dodged            |    75 |    20 ||    95

Vault maps used:
D:1:      eino_arrival_water_star, minmay_misc_feat_chi, minmay_misc_feat_five
D:2:      first_bread
D:3:      dk_noncrumbling_2, uniq_iyjb
D:4:      mrwooster_statue_mirror, uniq_eustachio, uniq_blork_the_orc,
          uniq_robin

Table legend:
 A = Turns spent in this place as a percentage of turns spent in the entire game.
 B = Non-inter-level travel turns spent in this place as a percentage of non-inter-level travel turns spent in the entire game.
 C = Inter-level travel turns spent in this place as a percentage of turns spent in this place.
 D = Turns resting spent in this place as a percentage of non-inter-level travel turns spent in this place.
 E = Turns spent auto-exploring this place as a percentage of non-inter-level travel turns spent in this place.
 F = Non-inter-level travel turns spent in this place divided by the number of levels of this place that you've seen.
                   A       B       C       D       E      F
               +-------+-------+-------+-------+-------+----------------------
         Total | 100.0 | 100.0 |   0.3 |   4.7 |  11.8 | 163.5
       Dungeon | 100.0 | 100.0 |   0.3 |   4.7 |  11.8 | 163.5
               +-------+-------+-------+-------+-------+----------------------

Table legend:
 A = Kills in this place as a percentage of kills in entire the game.
 B = Kills by you in this place as a percentage of kills by you in the entire game.
 C = Kills by friends in this place as a percentage of kills by friends in the entire game.
 D = Other kills in this place as a percentage of other kills in the entire game.
 E = Experience gained in this place as a percentage of experience gained in the entire game.
 F = Experience gained in this place divided by the number of levels of this place that you have seen.
                   A       B       C       D       E      F
               +-------+-------+-------+-------+-------+----------------------
         Total | 100.0 | 100.0 |  -nan |  -nan | 100.0 |  53.8
       Dungeon | 100.0 | 100.0 |  -nan |  -nan | 100.0 |  53.8
               +-------+-------+-------+-------+-------+----------------------
